 Dungeon Crawl Stone Soup version 0.31-a0-208-gdb31a4691d (webtiles) character file.

Game seed: 8192083203874550584

115 senseless the Slasher (level 5, -4/36 HPs)
             Began as an Octopode Gladiator on June 28, 2023.
             Slain by an orc priest
             ... wielding a +0 flail
              (11 damage)
             ... on level 3 of the Dungeon.
             The game lasted 00:02:55 (1393 turns).

senseless the Slasher (Octopode Gladiator)          Turns: 1393, Time: 00:02:55

Health: -4/36      AC:  2    Str: 13    XL:     5   Next: 0%
Magic:  5/5        EV: 14    Int: 11    God:
Gold:   176        SH:  0    Dex: 15    Spells: 4/4 levels left

rFire   . . .        a - +0 long sword
rCold   . . .        (no shield)
rNeg    . . .        b - +1 hat
rPois   .            (no amulet)
rElec   .            (no ring)
rCorr   .            (no ring)
SInv    .            (no ring)
Will    .....        (no ring)
Stlth   +++          (no ring)
HPRegen 0.26/turn    (no ring)
MPRegen 0.09/turn    (no ring)
                     (no ring)

%: no passive effects
@: no status effects
A: almost no armour, amphibious, 8 rings, camouflage 1, gelatinous body 1,
(nimble swimmer 1), tentacles
a: no special abilities


You were on level 3 of the Dungeon.
You visited 1 branch of the dungeon, and saw 3 of its levels.

You collected 176 gold pieces.

Inventory:

Hand Weapons
 a - a +0 long sword (weapon)
Missiles
 c - 3 throwing nets (quivered)
 d - a javelin
Armour
 b - a +1 hat (worn)
Potions
 f - a potion of curing
 g - 2 potions of attraction


   Skills:
 + Level 3.1 Fighting
 + Level 3.9 Long Blades
 - Level 2.0 Throwing
 + Level 3.8 Dodging
 + Level 2.0 Stealth


You had 4 spell levels left.
You didn't know any spells.
Your spell library contained the following spells:

 Spells                   Type           Power      Damage    Failure   Level
 Ensorcelled Hibernation  Hex/Ice        0%         N/A       47%         2
 Sublimation of Blood     Necr           0%         N/A       47%         2
 Frozen Ramparts          Ice            0%         1d1       71%         3
 Spider Form              Tmut/Pois      0%         N/A       71%         3
 Anguish                  Hex/Necr       0%         N/A       98%         4
 Ice Form                 Ice/Tmut       0%         N/A       98%         4
 Petrify                  Tmut/Erth      0%         N/A       98%         4
 Summon Ice Beast         Ice/Summ       0%         N/A       98%         4
 Irradiate                Conj/Tmut      0%         3d11      100%        5


Dungeon Overview and Level Annotations

Branches:
Dungeon (3/15)

Altars:
Uskayaw


Innate Abilities, Weirdness & Mutations

You cannot wear most types of armour.
You are amphibious.
You can wear up to eight rings at the same time.
Your skin changes colour to match your surroundings (Stealth+).
Your rubbery body absorbs attacks. (AC +1, EV +1)
((You are camouflaged when in or above water. (Stealth+)))
You have tentacles for arms and can constrict up to eight enemies at once.


Message History

The orc priest is almost dead.
You constrict the orc priest.
You kill the orc priest!
Your Fighting skill increases to level 3!
You hit the orc wizard but do no damage.
Your grab misses the orc wizard.
The orc wizard is lightly wounded.
The orc wizard hits you with a +0 dagger.
* * * LOW HITPOINT WARNING * * *
The orc wizard hits you with a +0 dagger.
* * * LOW HITPOINT WARNING * * *
The orc attacks as you move away! The orc misses you.
You hit the orc wizard. Your grab misses the orc wizard.
You squeeze the orc wizard!
The orc wizard is almost dead.
The orc wizard misses you.
You hit the orc wizard. You grab the orc wizard.
The orc wizard is almost dead.
You constrict the orc wizard.
You kill the orc wizard!
A hobgoblin comes into view.
Your Stealth skill increases to level 2!
You have reached level 5!
You feel clever.
You feel better.
The orc priest hits you with a +0 flail.
You closely miss the orc priest. You grab the orc priest.
You constrict the orc priest.
The orc priest looks braver for a moment.
You hit the orc priest.
You squeeze the orc priest, but do no damage.
The orc priest is lightly wounded.
You constrict the orc priest.
The orc priest hits you with a +0 flail.
* * * LOW HITPOINT WARNING * * *
You hit the orc priest.
The orc priest is heavily wounded.
You constrict the orc priest.
The orc priest hits you with a +0 flail!
You die...

#...## .....##
....... ####.....#
...$...###
.........
#.#######.#
#@#.....#.#
#o#o....#.# #
#o'.._..#.#
#.####)#..$$.#.#
##......#.....#.#
#......g#######.##
...(....[...$......
##.#.#####....#...
#.. # #. ###..# #..


You could see an orc priest, 2 orcs and a hobgoblin.

Vanquished Creatures
  An orc priest (D:3)
  An orc wizard (D:3)
  2 adders (D:2)
  A dart slug (D:1)
  2 bats (D:1)
  7 endoplasms
  3 giant cockroaches
  A goblin (D:2)
  4 hobgoblins
  3 ball pythons
  5 frilled lizards
  7 kobolds
  4 rats (D:1)
41 creatures vanquished.

Notes
Turn   | Place    | Note
-------+----------+-------------------------------------------
     0 | D:1      | senseless the Octopode Gladiator began the quest for the
                  | Orb.
     0 | D:1      | Reached XP level 1. HP: 14/14 MP: 1/1
    84 | D:1      | Reached XP level 2. HP: 17/19 MP: 2/2
   303 | D:1      | Reached XP level 3. HP: 25/25 MP: 3/3
  1121 | D:2      | Reached XP level 4. HP: 27/30 MP: 4/4
  1344 | D:3      | Reached skill level 1 in Stealth
  1367 | D:3      | Found a hide-covered altar of Uskayaw.
  1390 | D:3      | Reached XP level 5. HP: 6/36 MP: 5/5
  1393 | D:3      | Slain by an orc priest

Illustrated notes

Levels and vault maps discovered:
D:1:      minmay_arrival_shattered_statue, layout_rooms,
          wander_ebering_terrifying_dragon_lair
D:2:      layout_basic, fountainhead
D:3:      corexii_shack_village, layout_loops_ring, amcnicky_altar_gilded,
          mainiacjoe_overflow_alcove_1, ebering_ghost_reflecting_pool

Skill      XL: |  1  2  3  4 |
---------------+-------------+-----
Stealth        | 2 |  2.0
Fighting       | 3 |  3.1
Long Blades    | |  3.9
Throwing       | |  2.0
Dodging        | |  3.8

Action                     |  1- 3 |  4- 6 || total
---------------------------+-------+-------++-------
  Melee: Long sword        |    66 |    16 ||    82
         Constrict         |    16 |     4 ||    20
         Tentacles         |     9 |     3 ||    12
         Punch             |     1 |       ||     1
    Use: Potion            |     1 |     1 ||     2
         Scroll            |     4 |     1 ||     5
   Stab: Sleeping          |    10 |       ||    10
 Armour: Skin              |     8 |     1 ||     9
  Dodge: Dodged            |    63 |     8 ||    71

Table legend: (Time is in decaauts)
 A = Elapsed time spent in this place.
 B = Non-inter-level travel time spent in this place.
 C = Inter-level travel time spent in this place.
 D = Time resting spent in this place.
 E = Time spent auto-exploring this place.
 F = Levels seen in this place.
 G = Mean time per level.
                   A        B        C        D        E       F      G
               +--------+--------+--------+--------+--------+-----+--------+
         Total |   1411 |   1360 |     51 |      0 |   1081 |   3 |  470.3 |
       Dungeon |   1411 |   1360 |     51 |      0 |   1081 |   3 |  470.3 |
               +--------+--------+--------+--------+--------+-----+--------+

Top non-repeatable levels by time:
     D:1: 726 daAuts
     D:2: 628 daAuts
     D:3: 56 daAuts
